 Dungeon Crawl Stone Soup version 0.22.1-1-ga44c0e5 (webtiles) character file.

88 FallenPrincess the Charmwright (level 4, -5/33 HPs)
             Began as a Vampire Skald on Sept 24, 2018.
             Slain by Terence
             ... wielding a +0 mace
              (8 damage)
             ... on level 3 of the Dungeon.
             The game lasted 00:05:01 (1638 turns).

FallenPrincess the Charmwright (Vampire Skald)      Turns: 1638, Time: 00:05:02

Health: -5/33      AC:  0    Str: 10    XL:     4   Next: 30%
Magic:  6/7        EV: 20    Int: 15    God:
Gold:   105        SH:  0    Dex: 19    Spells: 6/7 levels left

rFire    . . .     SeeInvis +   (weapon currently unavailable)
rCold    . . .     Gourm    .   (shield currently unavailable)
rNeg     + . .     Faith    .   (armour currently unavailable)
rPois    .         Spirit   .   (helmet currently unavailable)
rElec    .         Reflect  .   (cloak currently unavailable)
rCorr    .         Harm     .   (gloves currently unavailable)
MR       .....                  (boots currently unavailable)
Stlth    ++++......             (no amulet)
HPRegen  0.11/turn              (ring currently unavailable)
MPRegen  0.10/turn              (ring currently unavailable)

@: bat-form, flying, very quick
A: tiny, fangs 3, see invisible
a: End Transformation


You were on level 3 of the Dungeon.
You were not thirsty.
You were in vampire-bat-form.
You visited 1 branch of the dungeon, and saw 3 of its levels.

You collected 105 gold pieces.

Inventory:

Hand Weapons
 a - a +0 spear
Missiles
 h - 6 javelins (quivered)
Armour
 b - a +0 leather armour
 g - a +0 ring mail (melded)
 j - a +0 cloak (melded)
Magical Staves
 o - an uncursed staff of power (melded)
Scrolls
 e - 6 scrolls of identify {unknown}
 f - 2 scrolls of enchant armour {unknown}
Potions
 d - a potion of blood
 i - 2 potions of might {unknown}
 k - a potion of flight {unknown}
 l - a potion of resistance {unknown}
 m - a potion of agility {unknown}
 n - 2 potions of curing {unknown}
Comestibles
 c - 3 rations


   Skills:
 + Level 2.0 Fighting
 + Level 3.1 Polearms
 + Level 1.2 Armour
 + Level 2.3 Dodging
 + Level 0.1 Stealth
 + Level 2.2 Spellcasting
 + Level 4.0 Charms


You had 6 spell levels left.
You knew the following spells:

 Your Spells              Type           Power        Failure   Level  Hunger
a - Infusion              Chrm           ##..         4%          1    #......

Your spell library contained the following spells:

 Spells                   Type           Power        Failure   Level  Hunger
 Song of Slaying          Chrm           ##......     6%          2    ###....
 Shroud of Golubria       Chrm/Tloc      #.........   14%         2    ###....
 Regeneration             Chrm/Necr      #.........   28%         3    ###....
 Spectral Weapon          Hex/Chrm       #.......     28%         3    ###....


Dungeon Overview and Level Annotations

Branches:
Dungeon (3/15)

Altars:
Nemelex Xobeh

Annotations:
D:3 Terence


Innate Abilities, Weirdness & Mutations

You have razor-sharp teeth.
You have supernaturally acute eyesight. (SInv)
((You can survive without breathing.))


Message History

You completely miss Terence.
Terence is lightly wounded.
Terence hits you but does no damage.
You hit Terence but do no damage.
Terence is lightly wounded.
Terence barely misses you.
You hit Terence.
Terence is moderately wounded.
Terence closely misses you. Terence barely misses you.
Casting: Infusion (safe; 11% risk of failure)
Confirm with . or Enter, or press ? or * to list all spells.
You don't know that spell.
You turn into a vampire bat.
Your uncursed staff of power melds into your body.
Your +0 cloak melds into your body.
Your +0 ring mail melds into your body.
You feel your magic capacity decrease. Terence hits you with a mace!
* * * LOW HITPOINT WARNING * * *
Terence hits you with a mace!
You die...

####### # #.....### >. #.......#
######... #.....#.###......?.
###########..@.##............
###.......#...b#..####..<..##.#
#...#..##...##..#.......##.)...
###.##..####.####.....##..####...
..#.#..##..#'#..##...##..## ...
..#....##.......##......## .#
.....#..##.._..##..###.# .#
).#.#....##...##..## #.##
..#.#.##..##.##.)# ...##
.......##..###..## .....


You could see Terence.

Vanquished Creatures
  Jessica (D:3)
  2 adders (D:3)
  4 dart slugs (D:1)
  2 leopard geckos (D:2)
  2 bats
  3 giant cockroaches (D:2)
  6 hobgoblins
  A frilled lizard (D:1)
  3 goblins
  7 kobolds
  3 rats (D:2)
34 creatures vanquished.

Notes
Turn   | Place    | Note
-------+----------+-------------------------------------------
     0 | D:1      | FallenPrincess the Vampire Skald began the quest for the
                  | Orb.
     0 | D:1      | Reached XP level 1. HP: 16/16 MP: 3/3
   234 | D:1      | Reached XP level 2. HP: 22/22 MP: 5/5
   303 | D:1      | Reached skill level 1 in Armour
   840 | D:2      | Reached XP level 3. HP: 26/27 MP: 6/6
   886 | D:2      | Found a sparkling altar of Nemelex Xobeh.
  1214 | D:3      | Noticed Jessica
  1220 | D:3      | Killed Jessica
  1220 | D:3      | Reached skill level 4 in Charms
  1250 | D:3      | Reached XP level 4. HP: 21/33 MP: 7/7
  1585 | D:3      | Found a sparkling altar of Nemelex Xobeh.
  1603 | D:3      | Noticed Terence
  1638 | D:3      | Slain by Terence

Skill      XL: |  1  2  3  4 |
---------------+-------------+-----
Polearms       | 2 3 |  3.1
Armour         | 1 |  1.2
Fighting       | 2 |  2.0
Charms         | 4 |  4.0
Dodging        | |  2.3
Stealth        | |  0.1
Spellcasting   | |  2.2

Action                   |  1- 3 |  4- 6 || total
-------------------------+-------+-------++-------
Melee: Spear             |   129 |    22 ||   151
       Bite              |    11 |     5 ||    16
       Staff             |       |    13 ||    13
 Cast: Infusion          |       |     1 ||     1
 Abil: Bat Form          |       |     1 ||     1
  Eat: Corpse            |     3 |     2 ||     5
Armor: Leather armour    |     2 |       ||     2
       Ring mail         |    25 |     8 ||    33
Dodge: Dodged            |    54 |    17 ||    71
